 Dungeon Crawl Stone Soup version 0.29.1-1-gd02db6906a (webtiles) character file.

Game seed: 1905534845564977380

110 Demigod47 the Shield-Bearer (level 4, 0/41 HPs)
             Began as a Minotaur Fighter on Oct 13, 2022.
             Slain by a gnoll
             ... wielding a +0 halberd of venom
              (1 damage)
             ... on level 4 of the Dungeon.
             The game lasted 00:04:03 (2953 turns).

Demigod47 the Shield-Bearer (Minotaur Fighter)      Turns: 2953, Time: 00:04:03

Health: 0/41       AC:  8    Str: 22    XL:     4   Next: 61%
Magic:  2/2        EV: 13    Int:  4    God:
Gold:   114        SH:  5    Dex: 13    Spells: 3/3 levels left

rFire   . . .      SeeInvis .   a - +0 flail
rCold   . . .      Faith    .   c - +0 buckler
rNeg    . . .      Spirit   .   b - +0 scale mail
rPois   .          Reflect  .   (helmet restricted)
rElec   .          Harm     .   f - +0 cloak
rCorr   .          Rampage  .   (no gloves)
Will    .....                   (no boots)
Stlth   ..........              (no amulet)
HPRegen 0.13/turn               l - +4 ring of evasion
MPRegen 0.08/turn               (no ring)

@: lethally poisoned (0 -> -7)
A: horns 2, retaliatory headbutt, agile 1, low MP 1
a: no special abilities


You were on level 4 of the Dungeon.
You visited 1 branch of the dungeon, and saw 4 of its levels.

You collected 114 gold pieces.

Inventory:

Hand Weapons
 a - a +0 flail (weapon)
Missiles
 k - a throwing net (quivered)
Armour
 b - a +0 scale mail (worn)
 c - a +0 buckler (worn)
 f - a +0 cloak (worn)
Jewellery
 l - a +4 ring of evasion (left hand)
Scrolls
 i - 2 scrolls of identify
Potions
 d - 3 potions of might
 e - a potion of attraction
 h - a potion of mutation
 j - a potion of brilliance {unknown}


   Skills:
 + Level 4.4 Fighting
 * Level 4.0 Maces & Flails
 + Level 4.2 Armour
 + Level 0.3 Dodging
 + Level 4.5 Shields


You had 3 spell levels left.
You didn't know any spells.
Your spell library contained the following spells:

 Spells                   Type           Power      Damage    Failure   Level
 Frozen Ramparts          Ice            0%         1d1       99%         3
 Ignite Poison            Fire/Tmut/Pois 0%         N/A       99%         3
 Mephitic Cloud           Conj/Pois/Air  0%         N/A       99%         3
 Ozocubu's Armour         Ice            0%         N/A       99%         3
 Freezing Cloud           Conj/Ice/Air   0%         6-21      100%        5
 Summon Forest            Summ/Tloc      0%         N/A       100%        5
 Polar Vortex             Ice            0%         N/A       100%        9


Dungeon Overview and Level Annotations

Branches:
Dungeon (4/15)
 Temple: D:4-7

Altars:
Sif Muna
Trog
Wu Jian


Innate Abilities, Weirdness & Mutations

You have a pair of horns on your head.
You reflexively headbutt those who attack you in melee.
You are agile. (Dex +4, Str/Int -1)
Your magical capacity is low. (-10% MP)


Message History

The gnoll hits you but does no damage.
You completely miss the gnoll.
You headbutt the gnoll, but do no damage.
* * * LOW HITPOINT WARNING * * *
You feel very sick. The gnoll hits you with a +0 spear.
* * * LOW HITPOINT WARNING * * *
The gnoll closely misses you. The gnoll misses you. You furiously retaliate!
You headbutt the gnoll.
It was a potion of curing.
You feel better. The gnoll completely misses you. You furiously retaliate!
You headbutt the gnoll.
Okay, then.
The gnoll attacks as you move away! The gnoll barely misses you.
You furiously retaliate!
You headbutt the gnoll. The gnoll barely misses you.
The gnoll attacks as you move away! The gnoll closely misses you.
You closely miss the gnoll.
The gnoll is moderately wounded.
You barely miss the gnoll.
The gnoll is moderately wounded.
You block the gnoll's attack. The gnoll barely misses you.
You hit the gnoll but do no damage.
The gnoll is moderately wounded.
The gnoll completely misses you. You block the gnoll's attack.
The gnoll barely misses you. The gnoll hits you with a +0 flail!
* * * LOW HITPOINT WARNING * * *
You hit the gnoll.
The gnoll is heavily wounded.
The gnoll closely misses you. The gnoll completely misses you.
You closely miss the gnoll. Your headbutt misses the gnoll.
The gnoll is heavily wounded.
The gnoll hits you from afar with a +0 halberd of venom.
* * * LOW HITPOINT WARNING * * *
You are lethally poisoned!
The gnoll closely misses you.
You hit the gnoll.
The gnoll is severely wounded.
* * * LOW HITPOINT WARNING * * *
You feel very sick.
The gnoll hits you from afar with a +0 halberd of venom.
You die...

###########
#.........#
#.........##########
#.........'........#
#.........########.#
#.........# #.....#
#.........# #.#####
#.........# #.g@#
#.........# ###.#
#.........# #g#
................gg..>#
###.############.###.#
.. #.# ..# ###


You could see 4 gnolls.

Vanquished Creatures
  Crazy Yiuf (D:2)
  An adder (D:3)
  A worm (D:3)
  4 dart slugs
  3 bats
  3 endoplasms
  3 giant cockroaches
  8 goblins
  13 hobgoblins
  4 quokkas (D:1)
  4 ball pythons
  3 frilled lizards
  7 kobolds
  6 rats
61 creatures vanquished.

Notes
Turn   | Place    | Note
-------+----------+-------------------------------------------
     0 | D:1      | Demigod47 the Minotaur Fighter began the quest for the Orb.
     0 | D:1      | Reached XP level 1. HP: 19/19 MP: 0/0
   173 | D:1      | Reached XP level 2. HP: 25/27 MP: 1/1
   505 | D:1      | Got Sif Muna's Handbook of Distorted Hypothermia
   561 | D:1      | Found a faded altar of an unknown god.
   613 | D:1      | Reached XP level 3. HP: 31/33 MP: 2/2
  1578 | D:2      | Found a runed translucent door.
  1579 | D:2      | Noticed Crazy Yiuf
  1834 | D:2      | Gained mutation: You are agile. (Dex +4, Str/Int -1)
                  | [potion of mutation]
  1834 | D:2      | Gained mutation: Your magical capacity is low. (-10% MP)
                  | [potion of mutation]
  1889 | D:2      | Killed Crazy Yiuf
  1890 | D:2      | Reached XP level 4. HP: 25/40 MP: 2/2
  2025 | D:3      | Found an ornate altar of the Wu Jian Council.
  2114 | D:3      | Found a shimmering blue altar of Sif Muna.
  2223 | D:3      | Found a bloodstained altar of Trog.
  2944 | D:4      | HP: 2/41 [gnoll/+0 spear (3)]
  2953 | D:4      | HP: 1/41 [poisoned by a gnoll]
  2953 | D:4      | Slain by a gnoll

Illustrated notes

Levels and vault maps discovered:
D:1:      kennysheep_arrival_seaside, layout_basic,
          shapermc_ecumenical_altar_flowoftime
D:2:      layout_basic, kennysheep_cross_bottleneck, grunt_ministairs_6,
          uniq_crazy_yiuf_cottage
D:3:      layout_loops_cross, mainiacjoe_overflow_alcove_4,
          nzn_wu_jian_council_hall, mainiacjoe_overflow_brackets
D:4:      layout_basic

Skill      XL: |  1  2  3  4 |
---------------+-------------+-----
Shields        | 4 |  4.5
Fighting       | 4 |  4.4
Maces & Flails | 3 4 |  4.0
Armour         | 4 |  4.2
Dodging        | |  0.3

Action                   |  1- 3 |  4- 6 || total
-------------------------+-------+-------++-------
Melee: Flail             |    88 |    49 ||   137
       Headbutt          |    14 |     6 ||    20
  Use: Scroll            |     5 |       ||     5
       Potion            |     3 |     1 ||     4
Armor: Scale mail        |    63 |    16 ||    79
Dodge: Dodged            |    46 |    27 ||    73
Block: Buckler           |    28 |    14 ||    42
